 Dungeon Crawl Stone Soup version 0.32-a0-799-g95e1662365 (webtiles) character file.

Game seed: 7358253803446261615

26806 cforsyth the Arsonist (level 13, -19/76 (93) HPs)
             Began as a Mountain Dwarf Cinder Acolyte on Mar 22, 2024.
             Was a High Priest of Ignis.
             Demolished by a minotaur
             ... wielding a +0 demon trident of draining
              (26 damage)
             ... in a Gauntlet.
             The game lasted 00:39:44 (25301 turns).

cforsyth the Arsonist (MDCA)                       Turns: 25301, Time: 00:39:44

HP:   -19/76 (93)   AC: 31    Str: 18    XL:     13   Next: 0%
MP:   20/23         EV:  7    Int: 15    God:    Ignis [*****.]
Gold: 786           SH:  0    Dex:  5    Spells: 24/26 levels left

rFire   + . .        a - -1 hand axe (flame)
rCold   . . .        (no shield)
rNeg    . . .        M - +2 crystal plate armour
rPois   +            p - +0 helmet
rElec   .            e - +0 cloak
rCorr   .            w - +2 pair of gloves {Stlth+}
SInv    .            y - +0 pair of boots
Will    ++...        A - amulet of the acrobat Stlth
                     E - +5 ring of evasion
HPRegen 0.32/turn    P - ring of poison resistance
MPRegen 0.18/turn

%: no teleportation, random rage (9%), acrobat
@: on berserk cooldown, hasted and slowed, heavily drained, invisible (expiring)
A: runic magic, artefact enchanting, hooves 1, strong-willed 1, [berserk 2],
[frail 2], [weak 2], no potion heal 1[+1], [inability to drink after injury 2],
[persistent drain]
a: Renounce Religion, Fiery Armour, Foxfire Swarm, Rising Flame


You were in a Gauntlet.
You worshipped Ignis.
Ignis was extremely pleased with you.
You visited 2 branches of the dungeon, and saw 14 of its levels.
You also visited: Gauntlet.

You collected 786 gold pieces.


Innate Abilities, Weirdness & Mutations

Your spellcasting is much less encumbered by armour.
You can use scrolls of enchantment on lesser artefacts.
You have large cloven feet.
You are strong-willed. (Will+)
[You have an uncontrollable temper.]
[You are very frail. (-20% HP)]
[You are very weak. (Str -4)]
[Potions cannot restore your health.]
[You sometimes lose the ability to drink potions when taking damage.]
[Your health recovers twice as slowly from being drained.]


   Skills:
 + Level 11.8 Fighting
 + Level 12.8 Axes
 + Level 11.3 Armour
 - Level 7.2 Spellcasting
 + Level 12.8 Fire Magic


You had 24 spell levels left.
You knew the following spells:

 Your Spells              Type           Power      Damage    Failure   Level
X - Scorch                Fire           86%        2d8       1%          2

Your spell library contained the following spells:

 Spells                   Type           Power      Damage    Failure   Level
 Volatile Blastmotes      Fire/Tloc      48%        2d14      10%         3
 Freeze                   Ice            20%        1d4       41%         1
 Slow                     Hex            20%        N/A       41%         1
 Confusing Touch          Hex            5%         N/A       78%         3
 Frozen Ramparts          Ice            10%        1d2       78%         3
 Hailstorm                Conj/Ice       5%         3d5       78%         3
 Ozocubu's Armour         Ice            5%         N/A       78%         3
 Passwall                 Erth           5%         N/A       78%         3
 Vampiric Draining        Necr           5%         2d6       78%         3
 Fulminant Prism          Conj/Alch      2%         3d5       99%         4
 Iskenderun's Mystic Bla  Conj/Tloc      5%         2d3       99%         4
 Metabolic Englaciation   Hex/Ice        2%         N/A       100%        5
 Summon Forest            Summ/Tloc      2%         N/A       100%        5
 Summon Mana Viper        Hex/Summ       5%         N/A       100%        5
 Bombard                  Conj/Erth      2%         9d1       100%        6
 Summon Cactus Giant      Summ           2%         N/A       100%        6

Inventory:

Hand Weapons
 a - a -1 hand axe of flaming (weapon)
 G - a +3 hand axe
Armour
 e - a +0 cloak (worn)
 p - a +0 helmet (worn)
 w - a +2 pair of gloves of stealth (worn)
 y - a +0 pair of boots (worn)
 M - a +2 crystal plate armour (worn)
Magical Staves
 n - a staff of earth {!a}
 J - a staff of conjuration {!a}
Jewellery
 c - a ring of protection from cold
 A - an amulet of the acrobat (around neck)
 B - the ring "Vidghos" {rF+++ rC- Int+6}
   (You found it in a Gauntlet)

   [ring of intelligence]

   Int+6:     It affects your intelligence (+6).
   rF+++:     It renders you almost immune to fire.
   rC-:       It makes you vulnerable to cold.
 C - a ring of ice
 E - a +5 ring of evasion (left hand)
 L - a ring of flight
 N - a ring of positive energy
 P - a ring of poison resistance (right hand)
 R - a ring of resist corrosion
 S - a +6 ring of strength
Wands
 x - a wand of polymorph (14)
 H - a wand of flame (8)
Scrolls
 b - 4 scrolls of identify {@r1}
 g - a scroll of teleportation {@r2}
 i - 3 scrolls of immolation {unknown}
 j - a scroll of poison {unknown}
 k - a scroll of acquirement {unknown}
 l - 2 scrolls of noise {unknown}
 m - 3 scrolls of enchant weapon {unknown}
 q - 2 scrolls of revelation {unknown}
 s - a scroll of fear {unknown}
 t - a scroll of amnesia {unknown}
 F - a scroll of silence {unknown}
 I - a scroll of fog {unknown}
 K - a scroll of butterflies {unknown}
Potions
 d - a potion of enlightenment
 f - 4 potions of curing {@q1}
 h - 3 potions of brilliance
 o - 4 potions of cancellation
 r - a potion of mutation
 u - a potion of invisibility
 v - 2 potions of lignification
 z - 2 potions of heal wounds {@q2}
 D - a potion of haste {@q3}

Dungeon Overview and Level Annotations

Branches:
Dungeon (12/15)            Temple (0/1) D:5            Lair (2/5) D:11
    Orc (0/2) D:9         Gauntlet (1/1)
  Swamp: Lair:2-3    Shoals: Lair:2-3     Snake: Lair:2-3    Spider: Lair:2-3

Altars:
Ashenzari
Cheibriados
Elyvilon
Fedhas
Gozag
Hepliaklqana
Okawaru
Ru
Trog
Vehumet
Wu Jian
Xom
Yredelemnul
Zin

Shops:
D:3 (   D:4 *   D:11 **

Annotations:
D:6 exclusion: statue
D:9 1 runed translucent door, ytrimaz's ghost, novice OpSu Gauntlet 8 transporters, 2 runed translucent doors, exclusion: orange crystal statue

▒≈.. ░░░ ▓▒▒.. ...
.▓ ▒▒. ░░.░ ░..▓▒≈.
... ....▒▒.
..░.░....▒.
▒▒▒▒▒▒▒▒▒.░.░.©ß.▒.
▒ßHß[ß.ß▒...░....▒.
▒∩@.....'.░░░.©ß.▒.
▒ß?ß}ß.ß▒...░....▒.
▒▒▒▒▒▒▒▒▒.░.░.©ß.▒.
.....░.░....▒.
░ß..........▒▒.
░░.░░.░░░..▓▒≈.
░..... ..▓▓▒▒.
░░░░░░░░▓▓▒▒.. ▒≈..


You could see a minotaur (unable to see you).


Message History

The minotaur is severely wounded.
The minotaur hits you but does no damage.
You feel drained.
The minotaur gores you but does no damage.
Unknown command.
Unknown command.
Unknown command.
You hit the minotaur but do no damage.
The minotaur is severely wounded.
Your extra speed is starting to run out.
You flicker for a moment.
Unknown command.
Unknown command.
Unknown command.
You hit the minotaur but do no damage.
The minotaur is severely wounded.
The minotaur is no longer more vulnerable to fire.
The minotaur hits you with a +0 demon trident of draining.
* * * LOW HITPOINT WARNING * * *
You feel drained.
* * * LOW HITPOINT WARNING * * *
The minotaur gores you but does no damage.
Unknown command.
Unknown command.
Casting: Scorch (safe; 1% risk of failure)
Confirm with . or Enter, or press ? or * to list all spells.
Flames lash the minotaur but do no damage.
The minotaur hits you with a +0 demon trident of draining!!
You die...
Ignis goes out, and joins you in death.

Skill      XL: |  1  2  3  4  5  6  7  8  9 10 11 12 |
---------------+-------------------------------------+-----
Armour         | 1 2 3 4 5 6 8 9 11 | 11.3
Axes           | 4 5 6 7 8 9 11 12 | 12.8
Fire Magic     | 4 5 6 7 8 9 11 12 | 12.8
Fighting       | 4 5 6 7 9 10 11 | 11.8
Spellcasting   | 2 3 4 5 6 7 |  7.2

Action                     |  1- 3 |  4- 6 |  7- 9 | 10-12 | 13-15 || total
---------------------------+-------+-------+-------+-------+-------++-------
  Melee: Hand axe          |   118 |    16 |    65 |   157 |    28 ||   384
         Kick              |       |       |       |    31 |       ||    31
   Cast: Scorch            |    19 |    72 |   219 |   533 |     2 ||   845
  Evoke: Wand              |       |       |       |     4 |       ||     4
    Use: Scroll            |       |       |     7 |     8 |       ||    15
         Potion            |       |       |       |    10 |     2 ||    12
   Stab: Invisible         |       |       |       |       |     3 ||     3
 Armour: Robe              |    88 |    12 |       |       |       ||   100
         Scale mail        |       |    13 |   163 |   506 |       ||   682
         Plate armour      |       |       |       |    22 |       ||    22
         Crystal plate arm |       |       |       |     7 |    21 ||    28
  Dodge: Dodged            |    74 |    23 |   172 |   528 |     6 ||   803

Levels and vault maps discovered:
D:1:      dreamdust_arrival_beginning_and_end, layout_basic,
          corexii_corridor_pit
D:2:      layout_basic, basic_altar, minmay_misc_feat_alley,
          grunt_decor_one_mirror, hangedman_decor_points
D:3:      layout_basic, serial_shops, nicolae_shop_waterfront, serial_glass,
          glass_columns_a, glass_columns_a, glass_columns_c, glass_columns_a,
          glass_columns_c, glass_columns_c, glass_columns_a, glass_columns_b,
          glass_columns_b, glass_columns_b
D:4:      layout_layer_cave, mainiacjoe_overflow_catwalk, zin_purify,
          kennysheep_mini_moat, gammafunk_temple_overflow_pools,
          minmay_misc_feat_enclosed, uniq_sigmund
D:5:      layout_cave_pools, fedhas_altar_1, lemuel_doored_altar,
          ashenzari_altar_1, minmay_temple_entry_arrows
D:6:      layout_loops_ring, lemuel_coloured_pillars_altar, vehumet_statue,
          grunt_ministairs_8, ebering_dispersal_statue_hall
D:7:      layout_rooms, amethyst_overflow_temple_binary, chequers_avenue,
          minmay_puff
D:8:      layout_loops_ring, mainiacjoe_overflow_alcove_2
D:9:      layout_layer_cave, orc_0_dummy, ebering_ghost_xom, uniq_maggie,
          uniq_erolcha
D:10:     layout_stronghold, lightli_fourway_metalbox, uniq_grum
D:11:     layout_loops_ring, due_lair_maze_entry_diamond,
          nicolae_specific_store, uniq_sonja, uniq_harold
D:12:     layout_roguey, gauntlet_entry_generic, uniq_rupert
Lair:1:   layout_hall_layers, grunt_forest_stairs_basic, lemuel_fruit_tree,
          uniq_urug
Lair:2:   mu_elephants_graveyard, layout_gridlike
Gauntlet: minmay_gauntlet_mixed_oops_all_seconds
          [minmay_gauntlet_arena_77_mirror, gammafunk_gauntlet_arena_mazey,
          minmay_gauntlet_arena_77_cramped, gammafunk_gauntlet_arena_spirals,
          minmay_gauntlet_arena_77_broken_ladder, nicolae_gauntlet_swirl,
          nicolae_gauntlet_exit_dead_adventurers]

Notes
Turn   | Place    | Note
-------+----------+-------------------------------------------
     0 | D:1      | cforsyth the Mountain Dwarf Cinder Acolyte began the quest
                  | for the Orb.
     0 | D:1      | Reached XP level 1. HP: 19/19 MP: 2/2
   244 | D:1      | Reached XP level 2. HP: 17/26 MP: 3/3
   328 | D:1      | Learned a level 2 spell: Scorch
   495 | D:1      | Reached skill level 1 in Armour
   513 | D:1      | Reached skill level 4 in Axes
   513 | D:1      | Reached XP level 3. HP: 19/31 MP: 3/5
   518 | D:1      | Reached skill level 4 in Fire Magic
  1198 | D:2      | Found an ornate altar of the Wu Jian Council.
  1413 | D:2      | Reached XP level 4. HP: 30/40 MP: 0/6
  3193 | D:3      | Found Dockas's Weapon Shoppe.
  3216 | D:3      | Reached skill level 4 in Fighting
  3216 | D:3      | Reached skill level 2 in Armour
  3314 | D:3      | Reached skill level 2 in Spellcasting
  3314 | D:3      | Reached XP level 5. HP: 31/46 MP: 0/8
  3773 | D:4      | Found a hazy altar of Hepliaklqana.
  4078 | D:4      | Noticed an ogre
  4207 | D:4      | Noticed Sigmund
  4376 | D:3      | Killed Sigmund
  4377 | D:3      | Reached skill level 5 in Axes
  4377 | D:3      | Reached skill level 5 in Fire Magic
  4377 | D:3      | Reached XP level 6. HP: 53/53 MP: 0/9
  4480 | D:4      | Reached skill level 3 in Armour
  4852 | D:4      | Reached XP level 7. HP: 60/60 MP: 1/11
  5039 | D:4      | Found a snail-covered altar of Cheibriados.
  5153 | D:4      | Found Zin's Purification Station.
  5161 | D:4      | Found a glowing silver altar of Zin.
  5461 | D:4      | Found an iron altar of Okawaru.
  5462 | D:4      | Found a sacrificial altar of Ru.
  5604 | D:5      | Entered Level 5 of the Dungeon
  5715 | D:4      | Reached skill level 5 in Fighting
  5753 | D:5      | Reached skill level 3 in Spellcasting
  6086 | D:4      | Reached skill level 4 in Armour
  6155 | D:5      | Found a staircase to the Ecumenical Temple.
  6169 | D:5      | Reached skill level 6 in Fire Magic
  6253 | D:5      | Reached skill level 6 in Axes
  6558 | D:5      | Reached XP level 8. HP: 69/69 MP: 6/13
  6758 | D:5      | Found a broken altar of Ashenzari.
  6941 | D:5      | Found a blossoming altar of Fedhas.
  6969 | D:5      | Found a basalt altar of Yredelemnul.
  7396 | D:5      | Found a staircase to the Ecumenical Temple.
  7492 | D:5      | Found a broken altar of Ashenzari.
  7545 | D:5      | Found a basalt altar of Yredelemnul.
  7554 | D:5      | Found a blossoming altar of Fedhas.
  7964 | D:6      | Reached skill level 6 in Fighting
  8046 | D:6      | Reached skill level 4 in Spellcasting
  8073 | D:6      | Reached skill level 5 in Armour
  8689 | D:6      | Found a bloodstained altar of Trog.
  8756 | D:6      | Found a radiant altar of Vehumet.
  8912 | D:7      | Reached skill level 7 in Axes
  8912 | D:7      | Reached skill level 7 in Fire Magic
  9645 | D:7      | Reached XP level 9. HP: 68/78 MP: 6/15
  9932 | D:7      | Found a white marble altar of Elyvilon.
  9932 | D:7      | Found a shimmering altar of Xom.
 10495 | D:8      | Reached skill level 7 in Fighting
 10495 | D:8      | Reached skill level 6 in Armour
 10826 | D:8      | Found an opulent altar of Gozag.
 10864 | D:8      | Reached skill level 8 in Fire Magic
 10865 | D:8      | Reached skill level 8 in Axes
 10865 | D:8      | Reached skill level 5 in Spellcasting
 11651 | D:9      | Found a staircase to the Orcish Mines.
 11826 | D:9      | Noticed Maggie
 11973 | D:9      | Killed Maggie
 12144 | D:9      | Reached XP level 10. HP: 68/88 MP: 11/18
 12268 | D:9      | Found a runed translucent door.
 12268 | D:9      | Found a shimmering altar of Xom.
 12268 | D:9      | Noticed a +6 broad axe of chaos
 12269 | D:9      | Noticed ytrimaz's ghost (novice OpSu)
 12430 | D:9      | Reached skill level 7 in Armour
 12601 | D:9      | Noticed Erolcha
 12649 | D:9      | Killed Erolcha
 12650 | D:9      | Reached skill level 8 in Fighting
 12839 | D:9      | Reached skill level 9 in Axes
 12839 | D:9      | Reached skill level 9 in Fire Magic
 13552 | D:10     | Entered Level 10 of the Dungeon
 13985 | D:10     | Reached skill level 6 in Spellcasting
 14651 | D:10     | Noticed a skeletal warrior
 15049 | D:10     | Reached skill level 8 in Armour
 15318 | D:10     | Noticed Grum
 15323 | D:10     | Killed Grum
 15324 | D:10     | Reached skill level 9 in Fighting
 15778 | D:11     | Found Hoet's General Store.
 15780 | D:11     | Found Qapleop's Specific Store.
 15863 | D:11     | Reached XP level 11. HP: 85/97 MP: 0/20
 16178 | D:11     | Reached skill level 10 in Axes
 16311 | D:11     | Reached skill level 10 in Fire Magic
 16583 | D:11     | Noticed Sonja
 16592 | D:11     | Found a staircase to the Lair.
 17575 | D:11     | Killed Sonja
 17765 | D:11     | Reached skill level 9 in Armour
 17765 | D:11     | Reached skill level 7 in Spellcasting
 17838 | D:11     | Noticed a cyan ugly thing
 17851 | D:11     | Killed a cyan ugly thing
 18208 | D:11     | Noticed Harold
 18223 | D:11     | Killed Harold
 18375 | Lair:1   | Entered Level 1 of the Lair of Beasts
 18556 | Lair:1   | Reached skill level 10 in Fighting
 19200 | D:11     | Reached skill level 11 in Axes
 19200 | D:11     | Reached skill level 11 in Fire Magic
 19632 | Lair:1   | Noticed Urug
 19646 | Lair:1   | Killed Urug
 19725 | D:11     | Reached XP level 12. HP: 58/107 MP: 6/22
 19858 | D:11     | Gained mutation: You are vulnerable to cold. (rC-) [potion
                  | of mutation]
 19859 | D:11     | Lost mutation: You are vulnerable to cold. (rC-) [potion of
                  | mutation]
 19859 | D:11     | Gained mutation: You are strong-willed. (Will+) [potion of
                  | mutation]
 19859 | D:11     | Gained mutation: You have large cloven feet. [potion of
                  | mutation]
 19859 | D:11     | Gained mutation: [Potions are less effective at restoring
                  | your health.] [potion of mutation]
 20603 | Lair:1   | Reached skill level 10 in Armour
 21958 | Lair:1   | Reached skill level 11 in Fighting
 22233 | Lair:2   | Reached skill level 12 in Axes
 22233 | Lair:2   | Reached skill level 12 in Fire Magic
 23400 | Lair:2   | Noticed a four-headed hydra
 23409 | Lair:2   | Killed a one-headed hydra
 23410 | Lair:2   | Reached skill level 11 in Armour
 23713 | Lair:2   | Noticed a dire elephant
 24523 | D:12     | Noticed a boulder beetle
 24572 | D:12     | Killed a boulder beetle
 24808 | D:12     | Found a gate leading to a gauntlet.
 24808 | D:12     | Noticed a boulder beetle
 24821 | Gauntlet | Entered a Gauntlet
 24821 | Gauntlet | Found a transporter.
 24841 | Gauntlet | Noticed a catoblepas
 24870 | Gauntlet | Found a transporter.
 24871 | Gauntlet | Found a runed translucent door.
 24879 | Gauntlet | Found a runed translucent door.
 24882 | Gauntlet | Found a transporter.
 24886 | Gauntlet | Found a transporter.
 24898 | Gauntlet | Found a transporter.
 24918 | Gauntlet | Found a transporter.
 24921 | Gauntlet | Found a transporter.
 24925 | Gauntlet | Found a transporter.
 24951 | Gauntlet | Found a transporter.
 24965 | Gauntlet | Found a transporter.
 24969 | Gauntlet | Found a transporter.
 24980 | Gauntlet | Found a transporter.
 25115 | Gauntlet | Identified a +2 crystal plate armour
 25160 | Gauntlet | Reached XP level 13. HP: 93/93 MP: 23/23
 25216 | Gauntlet | Identified the ring "Vidghos" {rF+++ rC- Int+6}
 25264 | Gauntlet | Identified the +2 pearl dragon scales of the Wicked Hot
                  | Ocelot {^Contam rN+ Dex+5}
 25264 | Gauntlet | Noticed a minotaur
 25300 | Gauntlet | HP: 6/76 [minotaur/+0 demon trident of draining (2)]
 25301 | Gauntlet | Demolished by a minotaur

Vanquished Creatures
  Harold (D:11)
  Erolcha (D:9)
  A hydra (Lair:2)
  A boulder beetle (D:12)
  Urug (Lair:1)
  Sonja (D:11)
  A wretched star (Gauntlet)
  An ugly thing (D:11)
  14 elephants
  5 cane toads
  A rime drake (Lair:2)
  Maggie (D:9)
  6 komodo dragons
  A kobold demonologist (D:11)
  A hornet (D:10)
  7 trolls
  5 blink frogs
  Sigmund (D:3)
  2 shadows
  22 yaks
  A wraith (D:9)
  A wyvern (Lair:1)
  Grum (D:10)
  A basilisk (D:11)
  4 steam dragons
  An acid dragon (D:9)
  5 water moccasins
  A sky beast (D:6)
  3 orc warriors
  An ice beast (D:6)
  3 black bears
  An ogre (D:4)
  7 wolves
  A small abomination (Gauntlet)
  13 centaurs
  10 bullfrogs
  5 kobold brigands
  3 scorpions
  6 wights
  10 killer bees
  11 howler monkeys
  3 bombardier beetles
  8 hounds
  2 jellies
  3 orc priests
  A sleepcap (D:5)
  5 iguanas
  7 orc wizards
  7 adders
  3 gnolls (D:5)
  A shadow imp (D:6)
  An ufetubus (D:6)
  2 ribbon worms
  A dart slug (D:3)
  29 orcs
  10 ball pythons
  7 endoplasms
  6 giant cockroaches
  9 goblins
  5 hobgoblins
  7 jackals (D:1)
  4 quokkas
  7 bats
  2 frilled lizards
  17 kobolds
  4 rats
314 creatures vanquished.

Table legend: (Time is in decaauts)
 A = Elapsed time spent in this place.
 B = Non-inter-level travel time spent in this place.
 C = Inter-level travel time spent in this place.
 D = Time resting spent in this place.
 E = Time spent auto-exploring this place.
 F = Levels seen in this place.
 G = Mean time per level.
                   A        B        C        D        E       F      G
               +--------+--------+--------+--------+--------+-----+--------+
         Total |  25350 |  24623 |    727 |   7230 |  13120 |  15 | 1690.0 |
       Dungeon |  20258 |  19600 |    658 |   5024 |  11606 |  12 | 1688.2 |
          Lair |   4626 |   4558 |     68 |   2170 |   1357 |   2 | 2313.0 |
      Gauntlet |    466 |    466 |      0 |     35 |    157 |   1 |  466.0 |
               +--------+--------+--------+--------+--------+-----+--------+

Top non-repeatable levels by time:
    D:11: 3582 daAuts
  Lair:1: 3095 daAuts
    D:10: 2695 daAuts
     D:3: 2034 daAuts
     D:4: 1968 daAuts
     D:9: 1871 daAuts
  Lair:2: 1531 daAuts
     D:8: 1463 daAuts
     D:5: 1440 daAuts
     D:7: 1401 daAuts
     D:6: 1237 daAuts
     D:2: 1179 daAuts
     D:1: 1095 daAuts
Gauntlet: 466 daAuts
    D:12: 287 daAuts

Table legend:
 A = Non-vault XP
 B = Vault XP
 C = Vault XP percentage of total XP
 D = Non-vault monster count
 E = Vault monster count
 F = Vault count percentage of total count
                 A         B        C        D         E       F
            +---------+---------+-------+---------+---------+-------
      Total |   26732 |   11563 |  30.2 |     277 |      37 |  11.8
            +---------+---------+-------+---------+---------+-------
        D:1 |      66 |       0 |   0.0 |      39 |       0 |   0.0
        D:2 |      39 |       0 |   0.0 |      14 |       0 |   0.0
        D:3 |     138 |     223 |  61.8 |      24 |       1 |   4.0
        D:4 |     647 |       0 |   0.0 |      26 |       0 |   0.0
        D:5 |     546 |       0 |   0.0 |      14 |       0 |   0.0
        D:6 |     705 |      90 |  11.3 |      16 |       2 |  11.1
        D:7 |     742 |     156 |  17.4 |      14 |       3 |  17.6
        D:8 |    1397 |       0 |   0.0 |      22 |       0 |   0.0
        D:9 |    1738 |    1475 |  45.9 |      13 |       3 |  18.8
       D:10 |    2173 |     735 |  25.3 |      17 |       6 |  26.1
       D:11 |    7216 |    3265 |  31.2 |      35 |      11 |  23.9
       D:12 |    1307 |       0 |   0.0 |       4 |       0 |   0.0
     Lair:1 |    6590 |    1802 |  21.5 |      27 |       3 |  10.0
     Lair:2 |    3428 |    2933 |  46.1 |      12 |       6 |  33.3
   Gauntlet |       0 |     884 | 100.0 |       0 |       2 | 100.0
            +---------+---------+-------+---------+---------+-------
